cohdb
Replays
Latest Replays
All Replays
Popular Replays
Top Player Replays
Match Explorer
How It Works
Community
CoH3 Stats
Reddit
Sign in to upload your games and track your stats! →
Sign in with Steam
Match 46859396
Unlisted
Match 46859396
Overview
Messages
Build Orders
End
Selects Australian Defense Battlegroup
Selects Australian Light Infantry Section
Australian Light Infantry Section
Australian Light Infantry Section
Australian Light Infantry Section
Construct Section Command Post
Construct Platoon Command Post
Humber Armored Car
Construct Field Infirmary
Selects CMP 15cwt Supply Run
Selects Artillery Trip Wire Flares
Humber Armored Car
Light Vehicle Training
Infantry Training
ConcernedApe
The_Jonny_Boy94
北风卷地白草折
Sarpistic
0
0
Comments
sign in to comment!
No comments posted yet!